 Dungeon Crawl Stone Soup version 0.30-a0-879-ga8ba668304 (webtiles) character file.

Game seed: 3275481914187208344

18919 runemasterragnar the Carver (level 12, -17/94 HPs)
             Began as a Demonspawn Monk on Mar 12, 2023.
             Was a High Priest of Kikubaaqudgha.
             Killed from afar by a ynoxinul (30 damage)
             ... with an iron shot
             ... summoned by an orc high priest
             ... on level 2 of the Orcish Mines.
             The game lasted 00:30:05 (15765 turns).

runemasterragnar the Carver (Demonspawn Monk)      Turns: 15765, Time: 00:30:05

Health: -17/94     AC: 22    Str: 14    XL:     12   Next: 32%
Magic:  20/20      EV:  7    Int: 15    God:    Kikubaaqudgha [*****.]
Gold:   1410       SH:  0    Dex: 15    Spells: 6/21 levels left

rFire   . . .      SeeInvis +    H - +0 great sword
rCold   . . .      Faith    .    (shield currently unavailable)
rNeg    + + .      Spirit   .    b - +2 chain mail {rN+}
rPois   +          Reflect  .    d - +0 helmet
rElec   +          Rampage  .    n - +0 cloak
rCorr   .                        (no gloves)
Will    .....                    (no boots) Stlth
                                 u - amulet of the Four Knaves {Acrobat rN+ SInv}
HPRegen 0.35/turn                k - ring of poison resistance
MPRegen 0.17/turn                p - +4 ring of protection

@: mighty
A: claws 1, thin metallic scales 3, demonic magic 1
a: Renounce Religion, Unearth Wretches, Torment


You were on level 2 of the Orcish Mines.
You worshipped Kikubaaqudgha.
Kikubaaqudgha was extremely pleased with you.
You visited 3 branches of the dungeon, and saw 15 of its levels.

You collected 1438 gold pieces.
You spent 28 gold pieces at shops.

Inventory:

Hand Weapons
 h - a +0 scimitar
 H - a +0 great sword (weapon)
Missiles
 e - 30 poisoned darts (quivered)
 G - 2 boomerangs of dispersal
Armour
 b - a +2 chain mail of positive energy (worn)
 d - a +0 helmet (worn)
 n - a +0 cloak (worn)
 R - a +1 scale mail of willpower
Jewellery
 k - a ring of poison resistance (left claw)
 p - a +4 ring of protection (right claw)
 u - the amulet of the Four Knaves (around neck) {Acrobat rN+ SInv}
   (You acquired it on level 6 of the Dungeon)

   [amulet of the acrobat]

   It increases your evasion while moving and waiting.
   rN:        It protects you from negative energy.
   SInv:      It lets you see invisible.
 A - a ring of flight
 F - an amulet of magic regeneration
 P - an amulet of reflection
Wands
 f - a wand of iceblast (23)
 z - a wand of polymorph (9)
 B - a wand of quicksilver (5)
 K - a wand of paralysis (13)
 N - a wand of digging (1)
 O - a wand of flame (18)
Scrolls
 a - a scroll of fear
 j - a scroll of enchant weapon
 l - 6 scrolls of teleportation
 r - a scroll of torment
 v - a scroll of fog
 y - 3 scrolls of vulnerability
 E - 2 scrolls of enchant armour
 J - 2 scrolls of amnesia
 L - 2 scrolls of magic mapping
 M - 2 scrolls of blinking
Potions
 c - 2 potions of ambrosia
 i - 5 potions of attraction
 q - 3 potions of heal wounds
 s - 4 potions of degeneration
 t - 9 potions of curing
 x - a potion of haste
 C - 2 potions of mutation
 D - 4 potions of brilliance


   Skills:
 + Level 8.9 Fighting
 + Level 10.1 Long Blades
 + Level 5.4 Armour
 - Level 2.6 Dodging
 - Level 1.7 Stealth
 + Level 5.4 Spellcasting
 * Level 9.4 Necromancy
 - Level 4.4 Translocations
 * Level 7.7 Transmutations


You had 6 spell levels left.
You knew the following spells:

 Your Spells              Type           Power      Damage    Failure   Level
a - Necrotise             Necr           100%       1d9       7%          1
b - Wereblood             Tmut           27%        N/A       21%         2
c - Apportation           Tloc           34%        N/A       45%         1
d - Vampiric Draining     Necr           32%        2d8       21%         3
e - Dispel Undead         Necr           32%        3d14      54%         4
f - Animate Dead          Necr           32%        N/A       54%         4

Your spell library contained the following spells:

 Spells                   Type           Power      Damage    Failure   Level
 Sublimation of Blood     Necr           32%        N/A       10%         2
 Passwall                 Tmut/Erth      12%        N/A       67%         2
 Cigotuvi's Dreadful Rot  Necr/Pois/Air  26%        N/A       78%         2
 Agony                    Necr           32%        N/A       88%         5
 Freeze                   Ice            16%        1d4       97%         1
 Magic Dart               Conj           16%        1d3       97%         1
 Summon Small Mammal      Summ           16%        N/A       97%         1
 Ensorcelled Hibernation  Hex/Ice        8%         N/A       99%         2
 Searing Ray              Conj           8%         2d4       99%         2
 Anguish                  Hex/Necr       9%         N/A       99%         4
 Petrify                  Tmut/Erth      15%        N/A       99%         4
 Call Canine Familiar     Summ           4%         N/A       100%        3
 Dazzling Flash           Conj/Hex       8%         N/A       100%        3
 Frozen Ramparts          Ice            8%         1d2       100%        3
 Hailstorm                Conj/Ice       4%         3d4       100%        3
 Summon Guardian Golem    Hex/Summ       4%         N/A       100%        3
 Swiftness                Air            4%         N/A       100%        3
 Fulminant Prism          Conj/Hex       2%         3d5       100%        4
 Iskenderun's Mystic Bla  Conj/Tloc      10%        2d4       100%        4
 Freezing Cloud           Conj/Ice/Air   2%         6-21      100%        5
 Irradiate                Conj/Tmut      7%         3d14      100%        5
 Metabolic Englaciation   Hex/Ice        2%         N/A       100%        5
 Summon Forest            Summ/Tloc      5%         N/A       100%        5
 Death Channel            Necr           16%        N/A       100%        6
 Eringya's Noxious Bog    Tmut/Pois      7%         N/A       100%        6
 Simulacrum               Ice/Necr       9%         N/A       100%        6
 Starburst                Conj/Fire      2%         6d3       100%        6
 Statue Form              Tmut/Erth      10%        N/A       100%        6
 Summon Hydra             Summ           2%         N/A       100%        7
 Polar Vortex             Ice            2%         N/A       100%        9


Dungeon Overview and Level Annotations

Branches:
Dungeon (12/15)            Temple (1/1) D:7            Lair (0/5) D:8
    Orc (2/2) D:11            Elf (0/3) Orc:2

Altars:
Ashenzari
Cheibriados
Dithmenos
Fedhas
Gozag
Hepliaklqana
Kikubaaqudgha
Makhleb
Nemelex Xobeh
Okawaru
Qazlal
Ru
Sif Muna
Trog
Uskayaw
Vehumet
Wu Jian
Xom
Yredelemnul

Shops:
D:1 (   D:5 ?:=


Innate Abilities, Weirdness & Mutations

You have sharp fingernails.
You are completely covered in thin metallic scales. (AC +4, rElec)
Spells you cast may paralyse adjacent enemies.


Message History

Beogh smites you!
The ufetubus hits you but does no damage. x2
The orange demon stings you but does no damage.
The ice devil hits you but does no damage.
You barely miss the orc high priest.
The orc high priest is almost dead.
The ufetubus hits you but does no damage. x2
The ufetubus barely misses you.
The ufetubus hits you but does no damage.
The orc high priest mumbles some strange prayers to Beogh against you.
Pain shoots through your body! The orange demon barely misses you.
The ice devil hits you but does no damage.
The ufetubus barely misses you.
The ufetubus hits you but does no damage.
The ufetubus barely misses you.
The ufetubus hits you but does no damage. x2
The ufetubus barely misses you.
The orc high priest calls down the wrath of Beogh upon you.
Pain shoots through your body! The orange demon closely misses you.
The ynoxinul barely misses you. The ice devil hits you!
The ice devil freezes you!
* * * LOW HITPOINT WARNING * * *
Unknown command.
Unknown command.
Unknown command.
You hit the orc high priest.
The orc high priest is almost dead.
The ufetubus hits you but does no damage.
The ufetubus closely misses you.
The ufetubus hits you but does no damage.
The ufetubus closely misses you.
The ufetubus hits you but does no damage. x2
The ufetubus barely misses you. x2; The ufetubus closely misses you. x2
The orc high priest hits you but does no damage.
The orange demon stings you but does no damage.
The ice devil hits you but does no damage.
The ynoxinul gestures at you. The iron shot hits you!!
You die...
Kikubaaqudgha rasps: "You have failed me!
Welcome... death!"

#........# ##.##
..........##...#
...#...#.##....#
#.........##...#
#.............#
#...).......##
#..........##
#....554....#
#...4@5.....#
#...5o3....##
#....5......##
#...........^#
#...).))....##
#..).<).....#
#.....))....##
#....).......#
#....)))....##


You could see an orc high priest, an orange demon (summoned), an ice devil
(summoned), a ynoxinul (summoned) and 5 ufetubi.

Vanquished Creatures
  A centaur warrior (D:11)
  A two-headed ogre (D:9)
  2 orc high priests (Orc:2)
  An orc knight (Orc:1)
  Pikel (D:7)
  2 orc sorcerers
  Joseph (D:8)
  An unseen horror zombie (D:8)
  A gargoyle (D:11)
  Psyche (D:11)
  3 trolls
  2 hornets
  Sigmund (D:2)
  30 yaks
  3 shadows (D:11)
  2 wyverns
  A basilisk (D:10)
  3 wargs (Orc:1)
  2 acid dragons
  A water moccasin (D:6)
  20 orc warriors
  2 ice beasts
  2 black bears
  A sky beast (D:6)
  An ogre (Orc:1)
  3 centaurs
  2 lemures (D:8)
  A phantom (D:6)
  2 kobold brigands
  Blork the orc (D:5)
  2 bullfrogs
  A necrophage (D:8)
  A wyvern zombie (D:8)
  5 scorpions
  16 wights
  6 killer bees (D:10)
  A centaur zombie (D:8)
  20 orc priests
  A hound (D:5)
  Crazy Yiuf (D:2)
  A human zombie (D:8)
  2 gnoll boudas (D:6)
  A jelly (D:6)
  Ijyb (D:5)
  Natasha (thrice) (D:2)
  7 iguanas
  2 sleepcaps (D:8)
  27 orc wizards
  A killer bee zombie (D:8)
  4 mummies (D:8)
  A howler monkey zombie (D:8)
  12 gnolls
  6 adders
  A shadow imp (D:6)
  An ufetubus (D:5)
  An adder skeleton (D:3)
  A worm (D:2)
  2 dart slugs
  61 orcs
  5 ball pythons
  6 bats
  8 endoplasms
  7 giant cockroaches
  7 goblins
  8 hobgoblins
  7 jackals
  14 kobolds
  2 quokkas
  A ball python skeleton (D:3)
  4 frilled lizards
  A quokka skeleton (D:3)
  A quokka zombie (D:3)
  5 rats
360 creatures vanquished.

Vanquished Creatures (others)
  An orc zombie (Orc:2)
  An orc (D:8)
  22 fungi
  21 plants (D:8)
45 creatures vanquished.

Grand Total: 405 creatures vanquished

Notes
Turn   | Place    | Note
-------+----------+-------------------------------------------
     0 | D:1      | runemasterragnar the Demonspawn Monk began the quest for
                  | the Orb.
     0 | D:1      | Reached XP level 1. HP: 18/18 MP: 1/1
   254 | D:3      | Reached skill level 3 in Long Blades
   257 | D:3      | Gained mutation: Spells you cast may paralyse adjacent
                  | enemies. [demonic ancestry]
   257 | D:3      | Reached XP level 2. HP: 22/24 MP: 2/2
   667 | D:4      | Gained mutation: You are partially covered in thin metallic
                  | scales. (AC +2) [demonic ancestry]
   667 | D:4      | Reached XP level 3. HP: 29/29 MP: 3/3
   889 | D:5      | Entered Level 5 of the Dungeon
   889 | D:5      | Found Vyfekh's Magic Scroll Boutique.
   905 | D:5      | Bought a scroll of identify for 28 gold pieces
   957 | D:5      | Found Zongar's Armour Emporium.
  1035 | D:4      | Noticed a scorpion
  1062 | D:4      | Killed a scorpion
  1063 | D:4      | Reached XP level 4. HP: 35/37 MP: 4/4
  1106 | D:2      | Reached skill level 4 in Long Blades
  1123 | D:2      | Found a runed translucent door.
  1124 | D:2      | Noticed Crazy Yiuf
  1174 | D:2      | Noticed Natasha
  1184 | D:2      | Killed Natasha
  1195 | D:2      | Reached XP level 5. HP: 36/43 MP: 5/5
  1326 | D:2      | You fall into a shaft and drop 2 floors!
  1372 | D:5      | Noticed Blork the orc
  1402 | D:5      | Killed Blork the orc
  1403 | D:5      | Reached skill level 5 in Fighting
  1774 | D:4      | Reached XP level 6. HP: 38/43 MP: 6/6
  1884 | D:5      | Reached skill level 5 in Long Blades
  1987 | D:5      | Found Nyew's Book Shop.
  2016 | D:5      | Noticed Ijyb
  2055 | D:5      | Killed Ijyb
  2078 | D:5      | Gained mutation: You are mostly covered in thin metallic
                  | scales. (AC +3) [demonic ancestry]
  2078 | D:5      | Reached XP level 7. HP: 23/58 MP: 7/7
  2267 | D:5      | Found a burning altar of Makhleb.
  2533 | D:5      | Found Botheuvi's Jewellery Shop.
  3216 | D:3      | Found a faded altar of an unknown god.
  3584 | D:3      | Learned a level 1 spell: Necrotise
  3643 | D:2      | Noticed Natasha
  3647 | D:2      | Noticed Sigmund
  3665 | D:2      | Killed Natasha
  3679 | D:2      | Killed Sigmund
  3680 | D:2      | Reached skill level 1 in Necromancy
  3887 | D:2      | Noticed Natasha
  3898 | D:2      | Killed Natasha
  3899 | D:2      | Reached skill level 6 in Long Blades
  3899 | D:2      | Reached skill level 1 in Armour
  3899 | D:2      | Reached skill level 1 in Spellcasting
  3941 | D:2      | Found a shimmering altar of Xom.
  4098 | D:2      | Killed Crazy Yiuf
  4593 | D:1      | Found Boxzej's Antique Weapon Boutique.
  4933 | D:2      | Learned a level 2 spell: Wereblood
  4935 | D:2      | Learned a level 1 spell: Apportation
  5184 | D:6      | Reached skill level 1 in Transmutations
  5184 | D:6      | Gained mutation: You are completely covered in thin
                  | metallic scales. (AC +4, rElec) [demonic ancestry]
  5184 | D:6      | Reached XP level 8. HP: 57/65 MP: 8/10
  5202 | D:6      | Reached skill level 1 in Translocations
  5716 | D:6      | Identified a scroll of acquirement
  5735 | D:6      | Acquired the amulet of the Four Knaves {Acrobat rN+ SInv}
  6260 | D:7      | Found a staircase to the Ecumenical Temple.
  6280 | D:7      | Found a blossoming altar of Fedhas.
  6362 | D:7      | Found a sacrificial altar of Ru.
  6460 | D:7      | Reached XP level 9. HP: 69/71 MP: 12/12
  6844 | D:8      | Reached skill level 7 in Long Blades
  7043 | D:8      | Noticed Pikel
  7080 | D:7      | Killed Pikel
  7086 | Temple   | Entered the Ecumenical Temple
  7361 | D:8      | Reached skill level 5 in Necromancy
  7741 | D:8      | Reached XP level 10. HP: 61/79 MP: 13/15
  7803 | D:8      | Found an ancient bone altar of Kikubaaqudgha.
  7815 | D:8      | Became a worshipper of Kikubaaqudgha
  7815 | D:8      | Reached * piety under Kikubaaqudgha
  7815 | D:8      | Received a gift from Kikubaaqudgha
  7815 | D:8      | Reached ** piety under Kikubaaqudgha
  7820 | D:8      | Learned a level 3 spell: Vampiric Draining
  8108 | D:8      | Found a stormy altar of Qazlal.
  8112 | D:8      | Noticed Joseph
  8134 | D:8      | Reached skill level 8 in Long Blades
  8145 | D:8      | Killed Joseph
  8438 | D:8      | Found a staircase to the Lair.
  8532 | D:8      | Learned a level 4 spell: Dispel Undead
  8721 | D:9      | Reached skill level 5 in Transmutations
  8920 | D:9      | Found an iron altar of Okawaru.
  9266 | D:9      | Noticed a two-headed ogre
  9278 | D:9      | Killed a two-headed ogre
  9760 | D:9      | Identified the +2 robe "Bipemurr" {rElec rN+ MP-9}
 10100 | D:10     | Entered Level 10 of the Dungeon
 10295 | D:10     | Gained mutation: You have sharp fingernails. [demonic
                  | ancestry]
 10295 | D:10     | Reached XP level 11. HP: 66/86 MP: 9/17
 11204 | D:10     | Reached skill level 9 in Long Blades
 11708 | D:11     | Reached *** piety under Kikubaaqudgha
 11708 | D:11     | Received a gift from Kikubaaqudgha
 12059 | D:11     | Found a staircase to the Orcish Mines.
 12128 | D:11     | Noticed Psyche
 12142 | D:11     | Killed Psyche
 12213 | D:11     | Noticed a centaur warrior
 12226 | D:11     | Killed a centaur warrior
 12639 | D:11     | Found a stormy altar of Qazlal.
 12896 | D:12     | Noticed a green ugly thing
 12936 | Orc:1    | Entered Level 1 of the Orcish Mines
 12941 | Orc:2    | Entered Level 2 of the Orcish Mines
 12982 | Orc:1    | Noticed an orc sorcerer
 12993 | Orc:1    | Reached skill level 5 in Spellcasting
 12994 | Orc:1    | Reached skill level 5 in Armour
 13013 | Orc:1    | Killed an orc sorcerer
 13114 | Orc:1    | Noticed an orc knight
 13128 | Orc:1    | Learned a level 4 spell: Animate Dead
 13204 | Orc:1    | Reached **** piety under Kikubaaqudgha
 13212 | Orc:1    | Killed an orc knight
 13486 | Orc:1    | Reached XP level 12. HP: 68/94 MP: 12/19
 14293 | Orc:2    | Found a bloodstained altar of Trog.
 14336 | Orc:2    | Found a staircase to the Elven Halls.
 14817 | Orc:2    | Noticed an orc high priest
 14828 | Orc:2    | Killed an orc high priest
 15029 | Orc:2    | Noticed an orc high priest
 15076 | Orc:2    | Killed an orc high priest
 15076 | Orc:2    | Noticed an orc high priest
 15077 | Orc:2    | Reached skill level 10 in Long Blades
 15200 | Orc:2    | Noticed a two-headed ogre
 15354 | Orc:2    | Noticed an orc high priest
 15578 | Orc:2    | Reached ***** piety under Kikubaaqudgha
 15765 | Orc:2    | Killed from afar by a ynoxinul

Illustrated notes

Levels and vault maps discovered:
D:1:      psy_arrival_spokes, layout_basic, serial_shops, shop
D:2:      layout_rooms, basic_altar, fountainhead, dk_vineyard_3, uniq_sigmund,
          uniq_crazy_yiuf_cottage, uniq_natasha
D:3:      layout_loops_corners, hellmonk_ecumenical_altar_pennies_from_heaven,
          serial_undead, serial_undead_e, serial_undead_c, serial_undead_f,
          serial_undead_d, minmay_misc_feat_roman
D:4:      layout_loops_ring, hangedman_abyss_or_decor_stabs,
          corexii_checkpoint_a, serial_bayou_pond_a
D:5:      layout_loops_ring, old_standard_altar, serial_shops,
          nicolae_shop_behind_doors, shop_scrolls, nicolae_stop_n_shop_2,
          kennysheep_little_box, uniq_blork_the_orc, uniq_ijyb
D:6:      nicolae_BIG_FREAKIN_CUBE, layout_loops_cross
D:7:      layout_rooms, nicolae_ru_the_path_less_chosen,
          overflow_temple_1_default, minmay_temple_entry_from_below_a
D:8:      layout_loops_ring, lemuel_mausoleum_altar_kikubaaqudgha,
          mainiacjoe_overflow_concentric_impassable,
          grunt_lair_entry_orc_guard_hut, hangedman_decor_lopped,
          kennysheep_generic_room_16, uniq_joseph, uniq_pikel
D:9:      layout_gridville, okawaru_ov_weapons_minmay
D:10:     layout_loops_ring, nicolae_tso_swordbearing_angel
D:11:     layout_loops_ring, david_orc_3, kennysheep_pointless_box,
          nicolae_qazlal_eye_of_the_storm, uniq_psyche
D:12:     layout_rooms, uniq_fannar
Temple:   bh_familiar_temple
Orc:1:    layout_caves
Orc:2:    st_orc_mages, layout_caves, basic_altar

Skill      XL: |  1  2  3  4  5  6  7  8  9 10 11 12 |
---------------+-------------------------------------+-----
Long Blades    | 3 4 5 6 7 8 9 10 | 10.1
Fighting       | 4 5 6 7 8 |  8.9
Necromancy     | 2 4 5 7 8 9 |  9.4
Armour         | 1 2 3 4 5 |  5.4
Spellcasting   | 1 2 3 4 5 |  5.4
Transmutations | 1 2 4 5 7 |  7.7
Translocations | 1 2 3 4 |  4.4
Dodging        | |  2.6
Stealth        | |  1.7

Action                     |  1- 3 |  4- 6 |  7- 9 | 10-12 || total
---------------------------+-------+-------+-------+-------++-------
  Melee: Falchion          |    54 |       |       |       ||    54
         Punch             |     2 |       |     7 |       ||     9
         Long sword        |    13 |   121 |       |       ||   134
         Scimitar          |       |    33 |   331 |       ||   364
         Great sword       |       |       |   155 |   556 ||   711
  Throw: Dart              |       |     7 |       |    10 ||    17
   Cast: Necrotise         |       |       |     4 |    48 ||    52
         Wereblood         |       |       |     3 |    12 ||    15
         Vampiric Draining |       |       |       |    68 ||    68
         Apportation       |       |       |       |     8 ||     8
         Animate Dead      |       |       |       |     6 ||     6
  Evoke: Wand              |       |       |     6 |    34 ||    40
    Use: Scroll            |       |     3 |     7 |     7 ||    17
         Potion            |       |     2 |     4 |     3 ||     9
   Stab: Sleeping          |     3 |     1 |     3 |     1 ||     8
         Paralysed         |       |       |     3 |    57 ||    60
 Armour: Robe              |    15 |       |       |       ||    15
         Ring mail         |    11 |    96 |   252 |    86 ||   445
         Scale mail        |       |       |       |   241 ||   241
         Skin              |       |       |       |    16 ||    16
         Chain mail        |       |       |       |   100 ||   100
  Dodge: Dodged            |    48 |    92 |   325 |   408 ||   873

Table legend: (Time is in decaauts)
 A = Elapsed time spent in this place.
 B = Non-inter-level travel time spent in this place.
 C = Inter-level travel time spent in this place.
 D = Time resting spent in this place.
 E = Time spent auto-exploring this place.
 F = Levels seen in this place.
 G = Mean time per level.
                   A        B        C        D        E       F      G
               +--------+--------+--------+--------+--------+-----+--------+
         Total |  16031 |  15586 |    445 |   2896 |   9287 |  15 | 1068.7 |
       Dungeon |  12886 |  12475 |    411 |   1762 |   8084 |  12 | 1073.8 |
        Temple |    262 |    235 |     27 |      0 |    231 |   1 |  262.0 |
  Orcish Mines |   2882 |   2875 |      7 |   1134 |    972 |   2 | 1441.0 |
               +--------+--------+--------+--------+--------+-----+--------+

Top non-repeatable levels by time:
   Orc:1: 1814 daAuts
     D:8: 1689 daAuts
    D:10: 1633 daAuts
     D:4: 1439 daAuts
     D:9: 1435 daAuts
    D:11: 1225 daAuts
     D:6: 1194 daAuts
     D:2: 1119 daAuts
   Orc:2: 1067 daAuts
     D:5: 989 daAuts
     D:3: 879 daAuts
     D:1: 646 daAuts
     D:7: 603 daAuts
  Temple: 262 daAuts
    D:12: 31 daAuts
